AoeStats
← Leão

Golden Pit

507149521Analyzed
1v1 RM · 15d ago on Sep 16, 2026· 36m 29s· 2 players
Game mode
Random Map
Map size
Tiny (2 player)
Population
200
Speed
Normal
Resources
Standard
Victory
Conquest
Starting age
Dark Age
Ending age
Imperial Age
RankedLock teamsTeams togetherTeam positionsShared explorationLock speedFull tech treeHidden civsTurbo modeCheats
Victory
Defeat
🇲🇽 Spanish · Mexico
1272
+15
🇧🇷 Berbers · Brazil
1248
-15
Leão
6:47 Loom
9:20 Feudal Age
10:26 Double-Bit Axe
12:47 Fletching
20:50 Castle Age
19:26 Padded Archer Armor
19:56 Gold Mining
19:48 Horse Collar
21:07 Bloodlines
21:44 Scale Barding Armor
21:49 Forging
26:31 Husbandry
31:39 Forging
34:15 Bodkin Arrow
35:44 Leather Archer Armor
fbcj84
4:46 Loom
11:38 Feudal Age
16:07 Castle Age
15:53 Stone Mining
Connection lost

Rejoining the realm…

Still unreachable

The connection could not be restored.

Session expired

The server has moved on; the page needs a fresh start.